 Dungeon Crawl Stone Soup version 0.32-a0-938-g40ac7a0f4d (webtiles) character file.

Game seed: 3703228118625932262

187 Fodor the Covered (level 5, -12/47 HPs)
             Began as a Minotaur Fighter on Apr 15, 2024.
             Mangled by Menkaure (20 damage)
             ... on level 4 of the Dungeon.
             The game lasted 00:06:44 (1797 turns).

Fodor the Covered (Minotaur Fighter)                Turns: 1797, Time: 00:06:44

Health: -12/47     AC:  9    Str: 22    XL:     5   Next: 39%
Magic:  4/4        EV:  8    Int:  5    God:
Gold:   193        SH:  4    Dex: 10    Spells: 4/4 levels left

rFire   + + .        a - +0 war axe
rCold   x . .        c - +0 buckler
rNeg    . . .        n - +0 fire dragon scales
rPois   .            (helmet restricted)
rElec   .            (no cloak)
rCorr   .            (no gloves)
SInv    .            (no boots)
Will    .....        (no amulet) Stlth
                     (no ring)
HPRegen 0.27/turn    (no ring)
MPRegen 0.09/turn

%: no passive effects
@: no status effects
A: horns 2, retaliatory headbutt
a: no special abilities


You were on level 4 of the Dungeon.
You visited 1 branch of the dungeon, and saw 4 of its levels.

You collected 193 gold pieces.

Inventory:

Hand Weapons
 a - a +0 war axe (weapon)
Armour
 c - a +0 buckler (worn)
 n - +0 fire dragon scales (worn)
Wands
 l - a wand of roots (7)
Scrolls
 b - a scroll of fear {unknown}
 e - a scroll of vulnerability {unknown}
 f - a scroll of revelation {unknown}
 j - 3 scrolls of identify {unknown}
 k - a scroll of teleportation {unknown}
 o - a scroll of fog {unknown}
 p - a scroll of amnesia {unknown}
Potions
 d - a potion of might
 g - 2 potions of resistance {unknown}
 h - a potion of curing {unknown}
 i - 3 potions of magic {unknown}
 m - a potion of brilliance {unknown}
 q - a potion of enlightenment {unknown}


   Skills:
 + Level 4.4 Fighting
 + Level 4.0 Axes
 + Level 5.2 Armour
 + Level 0.2 Dodging
 + Level 4.7 Shields


You had 4 spell levels left.
You didn't know any spells.
Your spell library contained the following spells:

 Spells                   Type           Power      Damage    Failure   Level
 Freeze                   Ice            0%         1d3       89%         1
 Dazzling Flash           Conj/Hex       0%         N/A       99%         3
 Frozen Ramparts          Ice            0%         1d1       99%         3
 Hailstorm                Conj/Ice       0%         3d5       99%         3
 Mephitic Cloud           Conj/Alch/Air  0%         N/A       99%         3
 Curse of Agony           Necr           0%         N/A       100%        5
 Silence                  Hex/Air        0%         N/A       100%        5


Dungeon Overview and Level Annotations

Branches:
Dungeon (4/15)             Temple (0/1) D:4

Altars:
Trog

Shops:
D:1 (=

Annotations:
D:3 2 transporters
D:4 Menkaure


Innate Abilities, Weirdness & Mutations

You have a pair of horns on your head.
You reflexively headbutt those who attack you in melee.


Message History

You kill the quokka!
Things that are here:
a +0 sling; a +0 club You barely miss the iguana.
The iguana bites you. x2
You hit the iguana.
The iguana is lightly wounded.
You block the iguana's attack.
You closely miss the iguana.
The iguana is lightly wounded.
The iguana barely misses you.
Menkaure, Prince of Dust comes into view.
You barely miss the iguana.
The iguana is lightly wounded.
Menkaure shouts!
The iguana closely misses you.
The iguana bites you but does no damage.
You closely miss the iguana.
The iguana is lightly wounded.
The iguana closely misses you. You furiously retaliate!
You headbutt the iguana! You barely miss the iguana.
Your headbutt misses the iguana.
The iguana is severely wounded.
You hit Menkaure but do no damage. The iguana bites you.
You block Menkaure's attack.
You slash the iguana!
You kill the iguana!
You hit Menkaure.
Menkaure calls on the powers of darkness!
Your body is wracked with pain!
Your Armour skill increases to level 5!
Unknown command.
You slash Menkaure!
Menkaure is severely damaged.
Menkaure casts a spell at you. Pain shoots through your body!
* * * LOW HITPOINT WARNING * * *
You barely miss Menkaure. Your headbutt misses Menkaure.
Menkaure is severely damaged.
Menkaure hits you!!
You die...

#......... .#.........
............
............
............# .
.#.#.!..........# ....
................###.....
#.⌠.#...........@†......
......#.......†..M......
⌠.>.⌠...#.....$.........
......#..........P......
#.⌠.#............P......
......<..$.......P......
.#.#.............P......
........................
..#...................


You could see Menkaure.

Vanquished Creatures
  2 bombardier beetles (D:3)
  An orc priest (D:3)
  An iguana (D:4)
  An adder (D:2)
  3 dart slugs
  A ribbon worm (D:3)
  2 orcs (D:3)
  2 bats
  6 endoplasms
  4 giant cockroaches
  3 hobgoblins
  2 jackals (D:3)
  3 kobolds
  2 quokkas
  5 ball pythons
  2 frilled lizards
  4 goblins
  2 rats
46 creatures vanquished.

Notes
Turn   | Place    | Note
-------+----------+-------------------------------------------
     0 | D:1      | Fodor the Minotaur Fighter began the quest for the Orb.
     0 | D:1      | Reached XP level 1. HP: 19/19 MP: 0/0
    22 | D:1      | Found Huecho Xoigg's Jewellery Boutique.
   159 | D:1      | Reached XP level 2. HP: 27/27 MP: 1/1
   159 | D:1      | Found Roxas's Antique Weapon Shop.
   236 | D:1      | Reached skill level 4 in Armour
   835 | D:2      | Reached XP level 3. HP: 28/33 MP: 2/2
   925 | D:2      | Found a faded altar of an unknown god.
  1241 | D:3      | Found a transporter.
  1249 | D:3      | Found a transporter.
  1257 | D:3      | Found a bloodstained altar of Trog.
  1373 | D:3      | Reached XP level 4. HP: 33/40 MP: 3/3
  1495 | D:3      | Reached XP level 5. HP: 47/47 MP: 4/4
  1776 | D:4      | Found a staircase to the Ecumenical Temple.
  1791 | D:4      | Noticed Menkaure
  1796 | D:4      | Reached skill level 5 in Armour
  1797 | D:4      | Mangled by Menkaure

Illustrated notes

Levels and vault maps discovered:
D:1:      moated_graveyard_arrival, layout_basic, serial_shops, shop, shop
D:2:      layout_basic, shapermc_ecumenical_altar_flowoftime
D:3:      layout_rooms, gammafunk_temple_overflow_arena, roderic_roman_lattice,
          chequers_serial_rivers_micro_e, serial_bayou_pond_a,
          nicolae_twisty_statue_hallways
D:4:      kennysheep_kobold_camp, layout_cave_pools, lemuel_tele_altar,
          mainiacjoe_overflow_boulevard, nicolae_overflow_hidden_temple,
          minmay_temple_entry_sparse_star, gammafunk_ghost_split, serial_shops,
          nicolae_shop_hallway_stairs, uniq_menkaure

Skill      XL: |  1  2  3  4  5 |
---------------+----------------+-----
Armour         | 4 5 |  5.2
Shields        | 4 |  4.7
Axes           | 3 4 |  4.0
Fighting       | 4 |  4.4
Dodging        | |  0.2

Action                     |  1- 3 |  4- 6 || total
---------------------------+-------+-------++-------
  Melee: War axe           |    43 |    45 ||    88
         Headbutt          |     5 |     5 ||    10
 Armour: Scale mail        |    24 |       ||    24
         Fire dragon scale |    13 |    45 ||    58
  Dodge: Dodged            |    15 |    18 ||    33
  Block: Buckler           |     7 |    13 ||    20

Table legend: (Time is in decaauts)
 A = Elapsed time spent in this place.
 B = Non-inter-level travel time spent in this place.
 C = Inter-level travel time spent in this place.
 D = Time resting spent in this place.
 E = Time spent auto-exploring this place.
 F = Levels seen in this place.
 G = Mean time per level.
                   A        B        C        D        E       F      G
               +--------+--------+--------+--------+--------+-----+--------+
         Total |   1829 |   1726 |    103 |      0 |   1190 |   4 |  457.2 |
       Dungeon |   1829 |   1726 |    103 |      0 |   1190 |   4 |  457.2 |
               +--------+--------+--------+--------+--------+-----+--------+

Top non-repeatable levels by time:
     D:3: 712 daAuts
     D:1: 575 daAuts
     D:2: 517 daAuts
     D:4: 24 daAuts
